AoeStats
← 恆浪蕩

MegaRandom

508254576Analyzed
4v4 RM · 10d ago on Sep 21, 2026· 32m 6s· 8 players
Game mode
Random Map
Map size
Large (8 player)
Population
200
Speed
Normal
Resources
Standard
Victory
Conquest
Starting age
Dark Age
Ending age
Imperial Age
RankedLock teamsTeams togetherTeam positionsShared explorationLock speedFull tech treeHidden civsTurbo modeCheats
Victory
Defeat
🇨🇳 Bohemians · China
1661
+14
🇨🇳 Khmer · China
1658
+14
🇦🇷 Chinese · Argentina
1622
+15
🇹🇼 Burgundians · Taiwan
1594
+17
🇦🇷 Aztecs · Argentina
1676
-18
🇭🇰 Mongols · Hong Kong SAR China
1596
-14
🇹🇼 Hindustanis · Taiwan
1584
-14
🇹🇼 Inca · Taiwan
1580
-14
康寶羊
2:22 Loom
9:32 Feudal Age
11:20 Double-Bit Axe
12:02 Horse Collar
12:36 Forging
15:58 Scale Barding Armor
17:48 Wheelbarrow
21:53 Castle Age
20:18 Gold Mining
20:46 Bloodlines
21:29 Fletching
22:35 Bodkin Arrow
23:36 Gold Shaft Mining
24:59 Padded Archer Armor
27:55 Husbandry
29:28 Chain Barding Armor
tim.13
2:25 Loom
9:39 Feudal Age
15:56 Double-Bit Axe
18:46 Castle Age
16:59 Gold Mining
20:07 Wheelbarrow
21:48 Horse Collar
28:48 Scale Barding Armor
28:54 Forging
29:08 Bloodlines
28:58 Husbandry
28:39 Light Cavalry
29:56 Chain Barding Armor
Danatis
2:10 Loom
6:24 Double-Bit Axe
9:19 Feudal Age
9:14 Horse Collar
10:26 Bow Saw
15:20 Heavy Plow
19:11 Man-at-Arms
20:35 Scale Barding Armor
23:47 Castle Age
22:39 Forging
23:16 Wheelbarrow
22:55 Gold Mining
23:50 Light Cavalry
24:50 Chain Barding Armor
25:12 Husbandry
28:42 Iron Casting
31:48 Fervor
31:18 Cavalier
十大地方
2:33 Loom
10:09 Feudal Age
11:08 Double-Bit Axe
14:26 Wheelbarrow
18:00 Castle Age
16:36 Fletching
16:57 Horse Collar
17:41 Padded Archer Armor
18:02 Crossbowman
19:03 Bodkin Arrow
21:38 Town Watch
22:42 Leather Archer Armor
22:29 Elite Skirmisher
26:40 Bow Saw
27:18 Ballistics
28:41 Caravan
32:47 Hand Cart
羅鈸棒
2:11 Loom
10:12 Feudal Age
10:53 Double-Bit Axe
14:10 Castle Age
14:31 Scale Mail Armor
14:41 Forging
16:53 Champi Runner
22:22 Horse Collar
24:27 Champi Warrior
26:08 Squires
27:17 Padded Archer Armor
27:46 Chain Mail Armor
31:22 Wheelbarrow
Sean
4:19 Loom
9:31 Feudal Age
10:01 Double-Bit Axe
11:03 Horse Collar
24:51 Castle Age
27:09 Fletching
30:44 Bodkin Arrow
默默默默默
2:41 Loom
11:41 Feudal Age
17:57 Castle Age
15:47 Horse Collar
15:56 Double-Bit Axe
22:33 Pikeman
29:45 Fletching
恆浪蕩
2:33 Loom
10:33 Feudal Age
13:09 Double-Bit Axe
16:19 Castle Age
15:29 Fletching
15:32 Horse Collar
15:44 Gold Mining
17:14 Bodkin Arrow
16:59 Crossbowman
19:46 Padded Archer Armor
23:31 Ballistics
Connection lost

Rejoining the realm…

Still unreachable

The connection could not be restored.

Session expired

The server has moved on; the page needs a fresh start.